 Seeded DCSS version 0.29-a0-821-g66395355a5 (webtiles) character file.

Game seed: 7284023535547480779 (custom seed)

42 flotson the Sneak (level 3, 0/29 HPs)
             Began as a Demonspawn Delver on July 7, 2022.
             Slain by Robin
             ... wielding a +0 short sword
              (5 damage)
             ... on level 3 of the Dungeon.
             The game lasted 00:02:01 (1109 turns).

flotson the Sneak (Demonspawn Delver)               Turns: 1109, Time: 00:02:01

Health: 0/29       AC:  5    Str: 14    XL:     3   Next: 33%
Magic:  3/3        EV: 11    Int: 11    God:
Gold:   76         SH:  0    Dex: 14    Spells: 2/2 levels left

rFire   . . .      SeeInvis .   a - +0 spear
rCold   . . .      Faith    .   (no shield)
rNeg    . . .      Spirit   .   f - +0 ring mail
rPois   .          Reflect  .   (helmet restricted)
rElec   .          Harm     .   (no cloak)
rCorr   .          Rampage  .   (no gloves)
Will    .....                   (no boots)
Stlth   ++........              (no amulet)
HPRegen 0.09/turn               (no ring)
MPRegen 0.08/turn               (no ring)

@: no status effects
A: antennae 1, sturdy frame 1
a: no special abilities


You were on level 3 of the Dungeon.
You visited 1 branch of the dungeon, and saw 4 of its levels.

You collected 76 gold pieces.

Inventory:

Hand Weapons
 a - a +0 spear (weapon)
Armour
 f - a +0 ring mail (worn)
Wands
 g - a wand of digging (2)
Scrolls
 c - a scroll of fog
 d - a scroll of magic mapping
 i - a scroll of brand weapon {unknown}
Potions
 b - a potion of lignification {unknown}
 e - a potion of cancellation {unknown}
 h - a potion of ambrosia {unknown}
 j - a potion of brilliance {unknown}


   Skills:
 + Level 3.2 Fighting
 + Level 0.8(1.4) Axes
 - Level 1.7(1.9) Polearms
 + Level 0.9 Armour
 + Level 2.2 Dodging
 + Level 4.7 Stealth
 + Level 0.9 Evocations


You had 2 spell levels left.
You didn't know any spells.
Your spell library was empty.

Dungeon Overview and Level Annotations

Branches:
Dungeon (5/15)
 Temple: D:4-7

Altars:

Shops:
D:4 *

Annotations:
D:3 Robin


Innate Abilities, Weirdness & Mutations

You have a pair of small antennae on your head.
Your movements are slightly less encumbered by armour. (ER -2)


Message History

You are too injured to fight recklessly!
You are too injured to fight recklessly!
You are too injured to fight recklessly!
Robin attacks as you move away! Robin closely misses you.
Robin says, "Bow before me, strongest of all the hobgoblins!"
The hobgoblin misses you. The hobgoblin attacks as you move away!
The hobgoblin barely misses you. Robin attacks as you move away!
Robin hits you with a +0 short sword. 3 jackals come into view.
Robin points. "Kill!"
Press: ? - help, v - describe, . - travel
Here: Robin, wielding a +0 short sword, wearing a +0 animal skin and wearing a +0 helmet (lightly wounded)
The floor.
Unknown command.
Unknown command.
Okay, then.
Unknown command.
Unknown command.
You hit Robin.
Robin is moderately wounded.
Robin hits you with a +0 short sword.
* * * LOW HITPOINT WARNING * * *
You closely miss Robin.
Robin is moderately wounded.
Robin hits you with a +0 short sword.
* * * LOW HITPOINT WARNING * * *
You hit Robin. Your punch misses Robin.
Robin is heavily wounded.
Robin closely misses you.
You hit Robin.
Robin is heavily wounded.
Robin's bangles clink loudly.
Robin barely misses you.
You hit Robin.
Robin is heavily wounded.
Robin barely misses you.
You hit Robin but do no damage.
Robin is heavily wounded.
Robin hits you with a +0 short sword.
You die...

.............######.####S
.............# ..
.............# ..#
#............## .#
##.....###....# .# ######
#.##>## # #..#)<#
##.##.### #.@gg..#
####...# .......h
.##....h .# ##.#.. . ..h.
## ##


You could see Robin and a hobgoblin (strong).

Vanquished Creatures
  A hound (D:5)
  An orc (D:3)
  3 goblins
  2 jackals (D:4)
  A kobold (D:4)
  A quokka (D:2)
  3 rats
12 creatures vanquished.

Notes
Turn   | Place    | Note
-------+----------+-------------------------------------------
     0 | D:5      | flotson the Demonspawn Delver began the quest for the Orb.
     0 | D:5      | Reached XP level 1. HP: 18/18 MP: 1/1
    12 | D:5      | Noticed a hound
    38 | D:5      | Killed a hound
    39 | D:5      | Gained mutation: Your movements are slightly less
                  | encumbered by armour. (ER -2) [demonic ancestry]
    39 | D:5      | Reached XP level 2. HP: 6/24 MP: 2/2
   425 | D:4      | Found Leid's General Store.
   489 | D:4      | Gained mutation: You have a pair of small antennae on your
                  | head. [demonic ancestry]
   489 | D:4      | Reached XP level 3. HP: 10/29 MP: 3/3
   979 | D:2      | Noticed Robin
  1109 | D:3      | Slain by Robin

Illustrated notes

Levels and vault maps discovered:
D:2:      layout_basic, basic_altar, uniq_terence, uniq_robin, uniq_natasha
D:3:      layout_rooms, hex_medium, kennysheep_small_spiral,
          chequers_serial_rivers_marsh, uniq_crazy_yiuf_cottage
D:4:      layout_basic, gammafunk_ghost_necromancy, serial_shops,
          nicolae_shop_hallway_plus
D:5:      layout_loops_cross, serial_shops, nicolae_shop_behind_doors,
          kennysheep_small_square

Skill      XL: |  1 |
---------------+----+-----
Dodging        | 2 |  2.2
Fighting       | |  3.2
Axes           | |  0.8
Polearms       | |  1.7
Armour         | |  0.9
Stealth        | |  4.7
Evocations     | |  0.9

Action                   || total
-------------------------++-------
Melee: Spear             ||    77
       Punch             ||     2
Evoke: Wand              ||     1
  Use: Potion            ||     1
       Scroll            ||     1
 Stab: Distracted        ||     1
Armor: Leather armour    ||     4
       Ring mail         ||    23
Dodge: Dodged            ||    53

Table legend: (Time is in decaauts)
 A = Elapsed time spent in this place.
 B = Non-inter-level travel time spent in this place.
 C = Inter-level travel time spent in this place.
 D = Time resting spent in this place.
 E = Time spent auto-exploring this place.
 F = Levels seen in this place.
 G = Mean time per level.
                   A        B        C        D        E       F      G
               +--------+--------+--------+--------+--------+-----+--------+
         Total |   1094 |   1067 |     27 |    706 |    131 |   4 |  273.5 |
       Dungeon |   1094 |   1067 |     27 |    706 |    131 |   4 |  273.5 |
               +--------+--------+--------+--------+--------+-----+--------+

Top non-repeatable levels by time:
     D:4: 479 daAuts
     D:5: 315 daAuts
     D:3: 166 daAuts
     D:2: 132 daAuts
